[Event "Early-Titled-Tuesday-Blitz-May-07-2024"]
[Site "Chess.com"]
[Date "2024.05.07"]
[Round "10"]
[White "Rodalquilar"]
[Black "ChristopherYoo"]
[Result "1/2-1/2"]
[WhiteElo "2756"]
[BlackElo "2993"]
[TimeControl "180+1"]
[EndTime "10:02:09 PDT"]
[Termination "Game drawn by repetition"]

1. d4 Nf6 2. Nf3 g6 3. Bf4 Bg7 4. e3 O-O 5. Be2 d6 6. O-O b6 7. h3 Bb7 8. Bh2 Nbd7 9. a4 a6 10. Nbd2 Ne4 11. Nxe4 Bxe4 12. Nd2 Bb7 13. Bf3 Qc8 14.
c3 e5 15. Qb3 Kh8 16. Rfd1 f5 17. Bxb7 Qxb7 18. dxe5 Nc5 19. Qc4 dxe5 20. Nf3 Rae8 21.
Ng5 h6 22. Nf7+ Kh7 23. b4 Qe4 24. Qxe4 Nxe4 25. Rd7 Nxc3 26. Nxe5 f4 27. exf4 Ne2+ 28. Kf1 Nxf4 29. Bxf4 Rxf4 30. Nd3 Rc4 31. Re1 Rxe1+ 32. Kxe1 Kg8 33. Ke2 Bc3 34. b5 a5 35. g3 Bf6 36.
Nf4 g5 37. Nd5 Be5 38. f4 gxf4 39. gxf4 Bd6 40. Nf6+ Kf8 41. Nh7+ Ke8 42. Nf6+ Kf8 43. Nh7+ Kg8 44. Nf6+ Kf8 1/2-1/2

[Event "Early-Titled-Tuesday-Blitz-May-07-2024"]
[Site "Chess.com"]
[Date "2024.05.07"]
[Round "10"]
[White "nochewycandy"]
[Black "toninhojit"]
[Result "1-0"]
[WhiteElo "2806"]
[BlackElo "2591"]
[TimeControl "180+1"]
[EndTime "10:02:11 PDT"]
[Termination "nochewycandy won by resignation"]

1. e4 e5 2. Nc3 Nc6 3. Bc4 Bc5 4. Qg4 Kf8 5. Qf3 Qf6 6. Nd5 Qxf3 7. Nxf3 Bb6 8. c3 d6 9. Ng5 Nh6 10. d3 f6 11. Nf3 Nf7 12. b4 Ne7 13. Nxb6 axb6 14. Be3 Nd8 15. d4 Be6 16. d5 Bd7 17. Nd2 g6 18.
Bh6+ Kg8 19. f4 Nf7 20. fxe5 Nxh6 21. exf6 Nc8 22. h3 Nf7 23. g4 Ne5 24. Be2 Kf7 25. O-O Na7 26. a4 Rae8 27. Kg2 g5 28. Rf2 h6 29.
Nf1 Ng6 30. Ng3 Nf4+ 31. Kh2 c6 32. a5 b5 33. a6 b6 34. dxc6 Nxc6 35. Nf5 Bxf5 36.
gxf5 Nxe2 37. Rxe2 Kxf6 38. Rd2 Rd8 39. Rad1 Ke7 40. f6+ Ke6 41. Rd5 Rhf8 42. Rxb5 Rxf6 43. Rxb6 Ne5 44. a7 Ra8 45. Rdxd6+ Ke7 46. Rxf6 Nc4 47. Rfe6+ Kf7 48. Ra6 Nd2 49. Reb6 Rxa7 50. Rxa7+ 1-0

[Event "Early-Titled-Tuesday-Blitz-May-07-2024"]
[Site "Chess.com"]
[Date "2024.05.07"]
[Round "10"]
[White "Louis-Paulsen-Fan"]
[Black "ScofieldMichael01"]
[Result "0-1"]
[WhiteElo "2356"]
[BlackElo "2539"]
[TimeControl "180+1"]
[EndTime "10:02:13 PDT"]
[Termination "ScofieldMichael01 won by resignation"]

1. d4 c5 2. d5 Nf6 3. c4 b5 4. cxb5 a6 5. b6 e6 6. Nc3 exd5 7. Nxd5 Nxd5 8. Qxd5 Nc6 9. Nf3 Be7 10. g3 O-O 11. Bg2 Rb8 12. O-O Rxb6 13. b3 Bf6 14. Rb1 d6 15.
Bb2 Bxb2 16. Rxb2 Be6 17. Qd2 h6 18. Rc1 Qf6 19. h3 a5 20. Rbc2 Nb4 21. Rc3 a4 22. e4 axb3 23. axb3 Rd8 24. Qe2 Nc6 25.
e5 dxe5 26. Rxc5 Nd4 27. Nxd4 exd4 28. Rc6 d3 29. Qd2 Rxb3 30. Be4 Rb2 31. Qe3 Re2 32. Qf3 d2 33. Rd1 Re1+ 34. Kg2 Qxf3+ 35. Bxf3 Bb3 0-1

[Event "Early-Titled-Tuesday-Blitz-May-07-2024"]
[Site "Chess.com"]
[Date "2024.05.07"]
[Round "10"]
[White "Supergiuly"]
[Black "Guldona_2007"]
[Result "1-0"]
[WhiteElo "2347"]
[BlackElo "2178"]
[TimeControl "180+1"]
[EndTime "10:02:14 PDT"]
[Termination "Supergiuly won on time"]

1. f4 d5 2. g3 g6 3. Bg2 Bg7 4. Nf3 c5 5. O-O e6 6. d3 Ne7 7. e4 Nbc6 8. Nc3 O-O 9. Re1 dxe4 10. dxe4 b6 11. Qe2 Bb7 12. Be3 Nd4 13. Bxd4 cxd4 14. Nb5 a6 15. Na3 e5 16. Nxe5 Bxe5 17. fxe5 Nc6 18.
Nc4 Qe7 19. Nxb6 Rad8 20. Nd5 Qxe5 21. Rad1 Rfe8 22. Qf3 Kg7 23. Qf4 Rd7 24. Nb6 Rde7 25. Nc4 Qxf4 26. gxf4 Na7 27. Nd6 Rd8 28. Nxb7 Rxb7 29.
b3 Nb5 30. c4 Nc3 31. Rd2 f6 32. e5 Re7 33. exf6+ Kxf6 34. Rxe7 Kxe7 35. Kf2 Kf6 36. c5 Kf5 37. c6 Ne4+ 38. Ke2 Nxd2 39. Kxd2 Kxf4 40.
Bh3 1-0

[Event "Early-Titled-Tuesday-Blitz-May-07-2024"]
[Site "Chess.com"]
[Date "2024.05.07"]
[Round "10"]
[White "OparinGrigoriy"]
[Black "PeshkaCh"]
[Result "1-0"]
[WhiteElo "2996"]
[BlackElo "2884"]
[TimeControl "180+1"]
[EndTime "10:02:15 PDT"]
[Termination "OparinGrigoriy won by checkmate"]

1. Nc3 Nf6 2. d4 d5 3. Bf4 c5 4. e3 a6 5. Nf3 Nc6 6. dxc5 e6 7. Na4 Bxc5 8. Nxc5 Qa5+ 9. c3 Qxc5 10. Be2 Qe7 11. h3 e5 12. Bh2 O-O 13. O-O Rd8 14. Qa4 b5 15. Qh4 h6 16. Rad1 Bf5 17. a4 Bc2 18. axb5 Bxd1 19. Rxd1 axb5 20. Bxb5 Qb7 21. Bxc6 Qxc6 22. Bxe5 Ra2 23. Nd4 Qb6 24. Nf5 Ra6 25. Rd4 Qe6 26. Bxf6 Qxf6 27. Ne7+ Kh8 28. Qxf6 Rxf6 29.
Nxd5 Ra6 30. b4 Ra1+ 31. Kh2 Ra2 32. Kg3 Rd6 33. c4 Rg6+ 34. Kf3 Rg5 35. g4 f5 36. Nf4 fxg4+ 37. hxg4 Rb2 38. c5 Kh7 39. Rc4 h5 40. gxh5 Rg1 41. c6 Rf1 42. Nd3 Rd2 43. c7 Rxd3 44. c8=Q Rd5 45. Qg4 Re5 46. Qg6+ Kh8 47. Rc8+ Re8 48. Rxe8# 1-0

[Event "Early-Titled-Tuesday-Blitz-May-07-2024"]
[Site "Chess.com"]
[Date "2024.05.07"]
[Round "10"]
[White "ImportedItalianMaple"]
[Black "TrompeterImEther"]
[Result "0-1"]
[WhiteElo "2497"]
[BlackElo "2594"]
[TimeControl "180+1"]
[EndTime "10:02:15 PDT"]
[Termination "TrompeterImEther won on time"]

1. e4 c5 2. Nf3 e6 3. g3 Nc6 4. Bg2 g6 5. d4 cxd4 6. Nxd4 a6 7. O-O Bg7 8. Be3 Nge7 9. c4 O-O 10. Nc3 b6 11.
Qd2 Bb7 12. Rad1 Qc7 13. f4 Rfd8 14. b3 Rac8 15. Na4 b5 16. cxb5 Nxd4 17. Bxd4 axb5 18. Bb6 Qb8 19. Bxd8 Rxd8 20. Nc5 Bc6 21. Kh1 d6 22.
Nd3 f5 23. Nb4 Bxe4 24. Bxe4 fxe4 25. Qe2 d5 26. Qg4 Qd6 27. Nc2 Nf5 28. h4 d4 29. h5 d3 30. hxg6 h5 31. Qh3 Qd5 32. Kh2 e3 33. Nxe3 Nxe3 34. Rfe1 Ng4+ 35. Kg1 Bd4+ 0-1

[Event "Early-Titled-Tuesday-Blitz-May-07-2024"]
[Site "Chess.com"]
[Date "2024.05.07"]
[Round "10"]
[White "SaiHanThiha"]
[Black "Aminazinas"]
[Result "0-1"]
[WhiteElo "2454"]
[BlackElo "2628"]
[TimeControl "180+1"]
[EndTime "10:02:15 PDT"]
[Termination "Aminazinas won on time"]

1. c4 Nf6 2. Nc3 g6 3. d4 Bg7 4. e4 d6 5. Nf3 O-O 6. Be2 e5 7.
Be3 Nc6 8. d5 Ne7 9. Nd2 Nd7 10. f3 f5 11. Qc2 a6 12. Rb1 b6 13.
b4 a5 14. a3 axb4 15. axb4 f4 16. Bf2 g5 17. h4 Ng6 18. hxg5 Qxg5 19. Nb5 Qd8 20.
Kf1 Rf7 21. Qc3 Ba6 22. Ra1 Bxb5 23. cxb5 Nf6 24. Bd3 Rxa1+ 25. Qxa1 Qb8 26. Ke2 Qb7 27. Qa6 Qb8 28. Ra1 Nf8 29. Qa8 Qxa8 30. Rxa8 Rd7 31.
Nf1 Kf7 32. g3 Ng6 33. Nh2 h5 34. Rc8 fxg3 35. Bxg3 h4 36. Bf2 Nf4+ 37. Kd2 Bh6 38. Bf1 Ng6+ 39. Kc3 Kg7 40. Bh3 Re7 41. Bf5 Bg5 42.
Rd8 Re8 43. Rxe8 Nxe8 44. Ng4 Nf6 45. Nxf6 Kxf6 46. Kd3 h3 47. Bg1 Bh4 48. Kd2 Nf4 49. Be3 h2 0-1

[Event "Early-Titled-Tuesday-Blitz-May-07-2024"]
[Site "Chess.com"]
[Date "2024.05.07"]
[Round "10"]
[White "shirovin"]
[Black "chess_sharparchitect"]
[Result "0-1"]
[WhiteElo "2077"]
[BlackElo "2261"]
[TimeControl "180+1"]
[EndTime "10:02:15 PDT"]
[Termination "chess_sharparchitect won on time"]

1. e4 c5 2. Nf3 d6 3. d4 cxd4 4. Nxd4 Nf6 5. Nc3 a6 6. Bg5 e6 7.
f4 Be7 8. Qf3 Qc7 9. O-O-O Nbd7 10. g4 h6 11. Bxf6 Bxf6 12. h4 Nb6 13. g5 Be7 14.
Kb1 Bd7 15. g6 fxg6 16. Bh3 O-O-O 17. Bxe6 Bf6 18. Bb3 Qc5 19. Qd3 Rhe8 20. Rhg1 Kb8 21. Rxg6 Bc6 22. Nd5 Bxd5 23. Bxd5 Nxd5 24. exd5 Bxd4 25.
b4 Qxb4+ 26. Kc1 Bb2+ 27. Kb1 Bc3+ 0-1

[Event "Early-Titled-Tuesday-Blitz-May-07-2024"]
[Site "Chess.com"]
[Date "2024.05.07"]
[Round "10"]
[White "Jojo_898"]
[Black "Mikhail_Golubev"]
[Result "1/2-1/2"]
[WhiteElo "2452"]
[BlackElo "2601"]
[TimeControl "180+1"]
[EndTime "10:02:17 PDT"]
[Termination "Game drawn by repetition"]

1. e4 c5 2. Nf3 Nc6 3. c3 Nf6 4. Bd3 d5 5. e5 Nd7 6. Qe2 Qc7 7. e6 fxe6 8. Qxe6 Nf6 9. Qe2 e5 10. Bc2 Be7 11. d3 O-O 12. h3 b6 13. O-O Ba6 14. c4 Nb4 15. Bb3 Nxd3 16. Qxd3 e4 17. Qc3 exf3 18.
cxd5 c4 19. Bc2 fxg2 20. Kxg2 Nxd5 21. Qd4 Bb7 22. Kg1 Rad8 23. Qe4 Nf4 24. Qxh7+ Kf7 25.
Bxf4 Qxf4 26. Qg6+ Kg8 27. Qh7+ Kf7 28. Qg6+ Kg8 29. Qh7+ Kf7 1/2-1/2

[Event "Early-Titled-Tuesday-Blitz-May-07-2024"]
[Site "Chess.com"]
[Date "2024.05.07"]
[Round "10"]
[White "xasid81"]
[Black "GrotBchess"]
[Result "0-1"]
[WhiteElo "2641"]
[BlackElo "2521"]
[TimeControl "180+1"]
[EndTime "10:02:20 PDT"]
[Termination "GrotBchess won on time"]

1. Nf3 Nf6 2. b3 e6 3. Bb2 d5 4.
g3 Be7 5. Bg2 O-O 6. O-O b6 7.
c4 Bb7 8. Ne5 Nbd7 9. Nxd7 Qxd7 10. cxd5 Bxd5 11. Nc3 Bxg2 12. Kxg2 c5 13. d3 Rfd8 14. Qc2 Rac8 15. Rfd1 Nd5 16. Nxd5 Qxd5+ 17. Kg1 Bd6 18. Rac1 Be5 19. d4 Bd6 20. dxc5 Qxc5 21. Qxc5 Bxc5 22. Rxd8+ Rxd8 23. Rc2 h5 24. Kg2 a5 25. Bc3 Rd1 26. h4 Kf8 27. Bxa5 Bxf2 28. Bb4+ Bc5 29. Bxc5+ bxc5 30. Rxc5 Rd2 31. Ra5 Rxe2+ 32.
Kf3 Rc2 33. Kf4 f6 34. Ra4 Kf7 35. b4 e5+ 36. Kf3 f5 37. Ke3 Rc3+ 38. Kd2 Rxg3 39. b5 Ke6 40. b6 Kd6 41. Rc4 Rg2+ 42. Kc1 Rg1+ 43. Kb2 Rg2+ 44. Ka3 Rg1 45. Rb4 Rg3+ 46. Ka4 Rg4 47. Rxg4 hxg4 48. Kb5 g3 49. Ka6 g2 50. b7 Kc7 0-1

[Event "Early-Titled-Tuesday-Blitz-May-07-2024"]
[Site "Chess.com"]
[Date "2024.05.07"]
[Round "10"]
[White "Ati1517"]
[Black "NastyaHn"]
[Result "1-0"]
[WhiteElo "2289"]
[BlackElo "2456"]
[TimeControl "180+1"]
[EndTime "10:02:20 PDT"]
[Termination "Ati1517 won on time"]

1. e4 e6 2. d4 d5 3. Nd2 c5 4. c3 Nc6 5. Ngf3 Nf6 6. e5 Nd7 7. Bd3 Qb6 8. O-O cxd4 9. cxd4 Nxd4 10. Nxd4 Qxd4 11. Nf3 Qb6 12. Qc2 g6 13. Be3 Bc5 14.
Bh6 Bf8 15. Bxf8 Kxf8 16. Rac1 Kg7 17. h4 h5 18. Ng5 Nxe5 19. Rce1 Ng4 20. Qc3+ d4 21.
Qd2 Bd7 22. Qf4 Nf6 23. Re5 Rad8 24. Rfe1 Rhf8 25. Qg3 Ng4 26. R5e2 Bb5 27. Nxe6+ Kg8 28. Nxf8 Bxd3 29. Qxd3 Rxf8 30. Re4 Qd6 31. g3 Rd8 32. Kg2 Kg7 33. Re7 1-0

[Event "Early-Titled-Tuesday-Blitz-May-07-2024"]
[Site "Chess.com"]
[Date "2024.05.07"]
[Round "10"]
[White "Cipy77"]
[Black "Sokoloco"]
[Result "1-0"]
[WhiteElo "2633"]
[BlackElo "2789"]
[TimeControl "180+1"]
[EndTime "10:02:22 PDT"]
[Termination "Cipy77 won by checkmate"]

1. Nf3 g6 2. g3 Bg7 3. Bg2 e5 4. d3 d5 5. O-O Ne7 6. c4 c6 7.
Nc3 O-O 8. Rb1 h6 9. e4 d4 10. Ne2 f5 11. Nd2 f4 12. f3 g5 13. b4 h5 14. b5 c5 15. Nb3 Qd6 16. a4 a6 17. b6 a5 18. Ba3 Na6 19. Nxc5 Nxc5 20.
Rb5 Nxe4 21. Bxd6 Nxd6 22. Rb1 Ndf5 23. Qd2 Ne3 24. Rf2 Nc6 25. Rb5 Bd7 26. Nc1 Nb4 27. Rc5 Bxa4 28. Rxa5 Rxa5 29. Qxb4 Rfa8 30. Ra2 Bf8 31.
Qb2 Nd1 32. Qd2 Nc3 33. Rb2 Bc6 34. gxf4 gxf4 35. h3 Ba3 36. Rc2 Ba4 37. Na2 Bxc2 38. Nxc3 dxc3 39. Qxc2 Bc5+ 40. d4 Bxd4+ 41. Kh2 Kg7 42. Qf5 Rf8 43. Qg5+ Kf7 44. h4 c2 45. Bh3 c1=Q 46. Qf5+ Ke7 47. Qe6+ Kd8 48. Qd6+ Ke8 49.
Qd7# 1-0

[Event "Early-Titled-Tuesday-Blitz-May-07-2024"]
[Site "Chess.com"]
[Date "2024.05.07"]
[Round "10"]
[White "Darko-Dimitrijevic"]
[Black "noblerone"]
[Result "0-1"]
[WhiteElo "2231"]
[BlackElo "2476"]
[TimeControl "180+1"]
[EndTime "10:02:23 PDT"]
[Termination "noblerone won by resignation"]

1. c4 c6 2. g3 d5 3. cxd5 cxd5 4.
Nf3 Nf6 5. Bg2 Nc6 6. O-O Bf5 7.
d3 e6 8. a3 Be7 9. b4 O-O 10.
Bb2 h6 11. Nbd2 Rc8 12. Qa4 a6 13. Rac1 Qb6 14. Nb3 Bg4 15. Nbd4 Bxf3 16. Nxf3 Nd7 17. Bh3 Bf6 18. Bxf6 Nxf6 19. Rc3 Nd4 20. Rxc8 Nxe2+ 21. Kg2 Rxc8 22. Re1 Nd4 23. Ne5 Rc2 24. Rf1 Qc7 25.
Nf3 Nxf3 26. Kxf3 Qc3 27. Rd1 Qb2 28. Rf1 Rc3 29. Rd1 Rxa3 30. Rd2 Rxa4 31. Rxb2 Kf8 32.
Ke3 Ke7 33. Kd2 Ra3 34. f3 Kd6 35. Bf1 Nd7 36. Be2 Ne5 37. Ke3 f6 38. h3 Nc4+ 0-1

[Event "Early-Titled-Tuesday-Blitz-May-07-2024"]
[Site "Chess.com"]
[Date "2024.05.07"]
[Round "10"]
[White "Anton_Demchenko"]
[Black "Boundless_Strike"]
[Result "1-0"]
[WhiteElo "2922"]
[BlackElo "2690"]
[TimeControl "180+1"]
[EndTime "10:02:25 PDT"]
[Termination "Anton_Demchenko won on time"]

1. e4 d6 2. d4 Nf6 3. Nc3 c6 4. f4 Qa5 5. Bd3 e5 6. Nf3 exd4 7. Nxd4 Qb6 8. Nb3 a5 9. a4 Na6 10. Qe2 Bg4 11. Qf2 Qxf2+ 12. Kxf2 Nb4 13. f5 d5 14.
exd5 Nxd3+ 15. cxd3 Bxf5 16. Re1+ Kd7 17. dxc6+ bxc6 18. Bf4 Bb4 19. Red1 Rhe8 20. h3 Be6 21. Nd2 Nd5 22. Nxd5 Bxd5 23. Nc4 Bc5+ 24. Kf1 Bd4 25. Rac1 f6 26. Bg3 Re7 27. Rc2 Ke8 28. Nd6+ Kf8 29.
Nf5 Be5 30. Nxe7 Bb3 31. Rxc6 1-0

[Event "Early-Titled-Tuesday-Blitz-May-07-2024"]
[Site "Chess.com"]
[Date "2024.05.07"]
[Round "10"]
[White "kuchma777"]
[Black "Chessdude1987"]
[Result "1-0"]
[WhiteElo "2506"]
[BlackElo "2378"]
[TimeControl "180+1"]
[EndTime "10:02:25 PDT"]
[Termination "kuchma777 won by resignation"]

1. e4 e6 2. d4 d5 3. Nd2 c5 4.
Ngf3 cxd4 5. Nxd4 Nc6 6. Nxc6 bxc6 7. Bd3 Bd6 8. O-O Nf6 9. Re1 Qc7 10. h3 O-O 11.
Qe2 e5 12. c4 dxe4 13. Nxe4 Nxe4 14. Qxe4 f5 15. Qe2 e4 16. Bc2 Be5 17. Rb1 Kh8 18. b4 a5 19. b5 cxb5 20. cxb5 Bb7 21. Ba3 Rfc8 22. Bb3 a4 23. Be6 f4 24. Bxc8 Qxc8 25.
Qh5 Bd4 26. Red1 Bb6 27. Rbc1 Qg8 28. Rd6 Bxf2+ 29. Kxf2 Qxa2+ 30. Kg1 f3 31. Qg5 f2+ 32. Kh1 Qxa3 33. Rd8+ Qf8 34. Rxf8+ Rxf8 35. Rf1 a3 36. Qe7 Kg8 37. Qxb7 e3 38. Qe4 a2 39. Qd5+ Kh8 40.
Qxa2 Re8 41. Qe2 1-0

[Event "Early-Titled-Tuesday-Blitz-May-07-2024"]
[Site "Chess.com"]
[Date "2024.05.07"]
[Round "10"]
[White "FaustinoOro"]
[Black "HajiyevKanan"]
[Result "0-1"]
[WhiteElo "2844"]
[BlackElo "2596"]
[TimeControl "180+1"]
[EndTime "10:02:26 PDT"]
[Termination "HajiyevKanan won by resignation"]

1. e4 c6 2. Nf3 d5 3. Nc3 a6 4. d4 Bg4 5. Be2 e6 6. h3 Bh5 7. O-O Nf6 8. e5 Nfd7 9. Ne1 Bg6 10. Be3 c5 11. f4 cxd4 12. Bxd4 Nc6 13. Bf2 Bc5 14. Bxc5 Nxc5 15. Kh2 Qc7 16. Nd3 Ne4 17. Nxe4 dxe4 18. Nf2 Rd8 19. Qc1 Qb6 20. Nd1 Nd4 21. Re1 O-O 22. Ne3 Rc8 23. c3 Nf5 24.
Nc4 Qf2 25. Bf1 Rfd8 26. Rxe4 Nh4 27. Qe3 Qc2 28. Rd4 Rxd4 29. cxd4 Rxc4 30. Qg3 Nf5 31. Qg5 Rc8 32. d5 Qxb2 33. Rd1 exd5 34. Rxd5 h6 35.
Rd8+ Rxd8 36. Qxd8+ Kh7 37. Qd7 Qb4 0-1

[Event "Early-Titled-Tuesday-Blitz-May-07-2024"]
[Site "Chess.com"]
[Date "2024.05.07"]
[Round "10"]
[White "sterpfi"]
[Black "santosalberto1987"]
[Result "0-1"]
[WhiteElo "2330"]
[BlackElo "2572"]
[TimeControl "180+1"]
[EndTime "10:02:30 PDT"]
[Termination "santosalberto1987 won by resignation"]

1. e4 e6 2. d4 d5 3. exd5 exd5 4. Nf3 Nf6 5. Bd3 Bd6 6. Qe2+ Be6 7. c4 c6 8. O-O O-O 9. Nc3 Re8 10.
c5 Bc7 11. Be3 Nbd7 12. h3 Nf8 13. Qc2 Ng6 14. Rfe1 Nf4 15. Ne2 Nxd3 16. Qxd3 Qd7 17. Ng3 Bxg3 18. fxg3 Bf5 19. Qf1 Bg6 20. Ne5 Qf5 21.
Qxf5 Bxf5 22. Rf1 Bg6 23. Bf4 Ne4 24. Rae1 f6 25. Nf3 Bf7 26. Nd2 g5 27. Nxe4 dxe4 28. Bd6 Kg7 29. a3 h5 30. Re3 Kg6 31. h4 Bd5 32. Kh2 f5 33. hxg5 Kxg5 34. Bf4+ Kg4 35. Rh1 Rh8 36. Kg1 h4 37. gxh4 Kxf4 38. Rhh3 Rag8 39. h5 Kg5 40. h6 f4 41. Re1 Rxh6 0-1

[Event "Early-Titled-Tuesday-Blitz-May-07-2024"]
[Site "Chess.com"]
[Date "2024.05.07"]
[Round "10"]
[White "SpongeBob_03"]
[Black "GMT4114"]
[Result "1-0"]
[WhiteElo "2253"]
[BlackElo "1989"]
[TimeControl "180+1"]
[EndTime "10:02:30 PDT"]
[Termination "SpongeBob_03 won on time"]

1. d4 e6 2. c4 f5 3. Nc3 Nf6 4. Bg5 Bb4 5. e3 Bxc3+ 6. bxc3 O-O 7.
Bd3 d6 8. g4 fxg4 9. h3 g3 10.
fxg3 Nbd7 11. Nf3 b6 12. O-O Bb7 13. Nh4 e5 14. d5 Qe8 15. Bf5 Nc5 16. Qc2 Qh5 17.
Nf3 Bc8 18. Bxc8 Raxc8 19. Kg2 Nfe4 20. Bh4 g5 21. g4 Qh6 22. Bg3 Rf7 23. Nxe5 dxe5 24.
Rxf7 Kxf7 25. Rf1+ Ke7 26. Bxe5 Rf8 27. Rxf8 Kxf8 28. Bxc7 Qf6 29. Bb8 Nxc3 30. Bxa7 1-0

[Event "Early-Titled-Tuesday-Blitz-May-07-2024"]
[Site "Chess.com"]
[Date "2024.05.07"]
[Round "10"]
[White "sokidze"]
[Black "m_ezat"]
[Result "1-0"]
[WhiteElo "2796"]
[BlackElo "2566"]
[TimeControl "180+1"]
[EndTime "10:02:34 PDT"]
[Termination "sokidze won by resignation"]

1. e4 c6 2. Nf3 d5 3. Nc3 Bg4 4. h3 Bxf3 5. Qxf3 e6 6. Be2 Nd7 7. d4 Bb4 8. O-O Ne7 9. exd5 cxd5 10. Nb1 O-O 11. c3 Bd6 12. Qd3 Ng6 13. g3 Rc8 14. Nd2 a6 15. Nf3 b5 16. h4 Re8 17. h5 Ngf8 18.
a4 bxa4 19. Rxa4 a5 20. Qa6 Bc7 21. Bg5 f6 22. Bd2 Ra8 23. Qc6 Rb8 24. Ra2 Rb6 25. Qa4 e5 26. dxe5 fxe5 27. Bg5 Qa8 28. h6 Nc5 29.
Qg4 Rg6 30. Nh4 Rge6 31. hxg7 Ng6 32. Nf5 a4 33. b4 Ne4 34. Bb5 Nxc3 35. Bxe8 Qxe8 36.
Ra3 d4 37. Rc1 Qb5 38. Raxc3 dxc3 39. Rxc3 Qd7 40. Rxc7 Qxc7 41. Nh6+ Kxg7 42. Qxe6 Qc1+ 43. Bxc1 1-0

[Event "Early-Titled-Tuesday-Blitz-May-07-2024"]
[Site "Chess.com"]
[Date "2024.05.07"]
[Round "10"]
[White "Kirill_Klukin"]
[Black "pirulillo"]
[Result "1-0"]
[WhiteElo "2843"]
[BlackElo "2430"]
[TimeControl "180+1"]
[EndTime "10:02:37 PDT"]
[Termination "Kirill_Klukin won by checkmate"]

1. e4 c5 2. d4 cxd4 3. Qxd4 Nc6 4. Qd3 e6 5. Nc3 a6 6. Nf3 Qc7 7. Be2 Nf6 8. O-O b5 9. a3 Bc5 10. Bg5 Ng4 11. h3 h5 12. Qd2 Bd6 13. Rfd1 Be7 14. Bf4 Nge5 15. Nxe5 Nxe5 16. Nd5 exd5 17. Qxd5 Bb7 18.
Qxe5 Qxe5 19. Bxe5 f6 20. Bd6 Bxd6 21. Rxd6 Bxe4 22. Re1 Kd8 23. Bxb5 axb5 24. Rxe4 Kc7 25. Rd5 Rhb8 26. Re7 Rd8 27. Rxg7 Ra6 28. Rxb5 Re6 29. Rxh5 Re1+ 30. Kh2 Re2 31. Rf5 Rxc2 32. b4 Ra2 33. Rg3 Ra8 34. Rxf6 R2xa3 35. Rxa3 Rxa3 36. h4 Kd8 37. h5 Ke7 38. Rf4 Ra6 39. Rh4 Rh6 40.
g4 d5 41. g5 Rh8 42. Kg3 Ke6 43. f4 Kf5 44. Rh1 Rb8 45. Re1 d4 46. Re5# 1-0

[Event "Early-Titled-Tuesday-Blitz-May-07-2024"]
[Site "Chess.com"]
[Date "2024.05.07"]
[Round "10"]
[White "djano"]
[Black "Rhesh29"]
[Result "1/2-1/2"]
[WhiteElo "2566"]
[BlackElo "2414"]
[TimeControl "180+1"]
[EndTime "10:02:37 PDT"]
[Termination "Game drawn by agreement"]

1. e4 c5 2. Nc3 Nc6 3. Bb5 Nd4 4. Nf3 g6 5. O-O Bg7 6. e5 Nxf3+ 7. Qxf3 Nh6 8. d4 Nf5 9. dxc5 O-O 10. Re1 Nd4 11. Qd3 Nxb5 12. Nxb5 a6 13. Na3 Qa5 14. Be3 d6 15. Nc4 Qd8 16. cxd6 exd6 17. Nxd6 Bxe5 18. Bc5 Bg7 19. Nxc8 Qxd3 20. cxd3 Rfxc8 21. d4 Rd8 22. Rad1 Rac8 23. Kf1 Rd5 24. f3 h5 25. b3 Rcd8 26. Rc1 Bxd4 27. Bxd4 Rxd4 28. Rc7 R4d7 29. Re7 Rxe7 30.
Rxe7 Rd2 31. a4 Rd1+ 32. Kf2 Rd2+ 33. Kg3 b5 34. Ra7 b4 35. Rxa6 Rd3 36. Rb6 Rxb3 37. a5 Ra3 38. Kf4 Ra4 39. a6 b3+ 40. Kg3 b2 41. Rxb2 Rxa6 42. h4 Kg7 43. Rc2 Ra4 44. Rd2 Rb4 45. Rd3 Ra4 46. Rd5 Rb4 47. Rc5 Ra4 48. Rd5 Rb4 49. Rc5 Ra4 50. Rb5 Rc4 51.
Ra5 Rb4 52. Rd5 Rc4 53. Rb5 Rc2 54. Ra5 Rd2 55. Ra6 Kh6 56. Ra7 Kg7 57. Ra6 Rc2 58. Ra7 Rc5 59. Ra6 1/2-1/2

[Event "Early-Titled-Tuesday-Blitz-May-07-2024"]
[Site "Chess.com"]
[Date "2024.05.07"]
[Round "10"]
[White "SharapovEvgeny"]
[Black "Airquake"]
[Result "1/2-1/2"]
[WhiteElo "2653"]
[BlackElo "2807"]
[TimeControl "180+1"]
[EndTime "10:02:39 PDT"]
[Termination "Game drawn by repetition"]

1. e4 c5 2. Nf3 d6 3. d4 cxd4 4. Nxd4 Nf6 5. f3 a6 6. c4 g6 7.
Nc3 Bg7 8. Be2 Nc6 9. Be3 Bd7 10.
O-O O-O 11. Qd2 Rc8 12. Rac1 h5 13. Nd5 Nxd5 14. exd5 Nxd4 15. Bxd4 Bxd4+ 16. Qxd4 Qa5 17. a3 Qc5 18. Qxc5 Rxc5 19. b4 Rc7 20. Rc3 Rfc8 21. Rfc1 e6 22. dxe6 Bxe6 23. Kf2 a5 24. Ke3 axb4 25.
axb4 Ra8 26. c5 dxc5 27. Rxc5 Re7 28. Rc7 Ree8 29. Kf2 Bf5 30. Bc4 Be6 31. Bxe6 Rxe6 32. Rc8+ Rxc8 33. Rxc8+ Kg7 34. Rc7 Rb6 35. Rc4 Kf6 36.
Ke3 Ke5 37. f4+ Kf5 38. Rc5+ Kg4 39. Rg5+ Kh4 40. b5 Re6+ 41. Kf3 Rd6 42. Rc5 Rd3+ 43. Kf2 Rd7 44. h3 Rd2+ 45. Kf3 Rd3+ 46. Ke2 Rd7 47. Kf2 Rd2+ 48. Kf3 Rd3+ 49. Kf2 Rd2+ 1/2-1/2

[Event "Early-Titled-Tuesday-Blitz-May-07-2024"]
[Site "Chess.com"]
[Date "2024.05.07"]
[Round "10"]
[White "NowInChess"]
[Black "AccioChess"]
[Result "1-0"]
[WhiteElo "2268"]
[BlackElo "2430"]
[TimeControl "180+1"]
[EndTime "10:02:39 PDT"]
[Termination "NowInChess won by resignation"]

1. e4 c5 2. d3 Nc6 3. g3 g6 4.
Bg2 Bg7 5. f4 e6 6. Nf3 Nge7 7.
O-O O-O 8. c3 b5 9. Be3 d6 10.
d4 cxd4 11. cxd4 d5 12. e5 b4 13. Nbd2 a5 14. Nb3 Ba6 15. Re1 Nb8 16. Nc5 Nd7 17. Nxa6 Rxa6 18. Rc1 Rc6 19. Rxc6 Nxc6 20. Qa4 Na7 21.
Rc1 Nb6 22. Qxa5 Nc4 23. Qxa7 Nxe3 24. b3 h6 25. Kf2 Nf5 26. Bh3 Ne7 27. Rc7 Re8 28.
Bf1 Bf8 29. Bb5 Nc8 30. Qb7 Re7 31. Rxc8 Rxb7 32. Rxd8 Rxb5 33. Rc8 Ra5 34. Rc2 Kg7 35. Ne1 Be7 36. Nd3 Ra7 37. Ke2 g5 38. Kf3 Kg6 39. g4 gxf4 40. Nxf4+ Kh7 41. Nh5 Kg6 42. Nf4+ Kh7 43. Kg3 Bg5 44. Nd3 Be3 45. Nxb4 Rb7 46. Nc6 Rc7 47. Kf3 Bg5 48. Kg3 Rb7 49. h4 Be3 50. Kf3 1-0

[Event "Early-Titled-Tuesday-Blitz-May-07-2024"]
[Site "Chess.com"]
[Date "2024.05.07"]
[Round "10"]
[White "NikitaShnadrygin"]
[Black "WilsonPalencia21"]
[Result "1-0"]
[WhiteElo "2700"]
[BlackElo "2539"]
[TimeControl "180+1"]
[EndTime "10:02:41 PDT"]
[Termination "NikitaShnadrygin won on time"]

1. Nf3 c5 2. g3 g6 3. d4 Bg7 4. Bg2 Nf6 5. O-O O-O 6. c4 d6 7. Nc3 Nc6 8. e3 Bg4 9. h3 Bd7 10. b3 Qc8 11. Kh1 Bxh3 12. Bb2 Bxg2+ 13. Kxg2 cxd4 14.
exd4 e5 15. Nb5 e4 16. Nd2 Rd8 17. d5 a6 18. Bxf6 Bxf6 19. Nxe4 Be5 20. Nbc3 Ne7 21. Rc1 Qf5 22. Qd2 h5 23. Rce1 h4 24. f4 Bg7 25. Nxd6 Rxd6 26. Rxe7 hxg3 27. Ne4 Rdd8 28. Nxg3 Qg4 29. f5 Bf6 30. Re4 Qg5 31. Qxg5 Bxg5 32.
fxg6 f6 33. Nf5 Re8 34. Rfe1 Rxe4 35. Rxe4 b5 36. c5 Rd8 37. d6 1-0

[Event "Early-Titled-Tuesday-Blitz-May-07-2024"]
[Site "Chess.com"]
[Date "2024.05.07"]
[Round "10"]
[White "PavelShkapenko"]
[Black "jcibarra"]
[Result "1-0"]
[WhiteElo "2739"]
[BlackElo "2914"]
[TimeControl "180+1"]
[EndTime "10:02:42 PDT"]
[Termination "PavelShkapenko won on time"]

1. e4 c5 2. c3 d5 3. exd5 Nf6 4. d4 Nxd5 5. dxc5 e6 6. Nd2 Bxc5 7. Ne4 Be7 8. Nf3 O-O 9. Bd3 Nd7 10. O-O b6 11.
Qe2 Qc7 12. Neg5 N5f6 13. Re1 Nc5 14. Bc2 h6 15. Nh3 Ba6 16. Qe5 Bd6 17. Qd4 Nd5 18. Qh4 f5 19. b4 Be7 20. Qg3 Bd6 21. Qh4 Nd3 22. Bxd3 Bxd3 23. Bxh6 gxh6 24. Rxe6 Rf7 25. Qxh6 Bf8 26. Rg6+ Rg7 27. Nhg5 Nf6 28. Rxf6 Qxc3 29. Re1 Be4 30. Rg6 Rxg6 31. Qxg6+ Kh8 32. Nxe4 fxe4 33. Qxe4 Bg7 34. Qxa8+ Kh7 35. Qe4+ 1-0